Map: Acid Plant LE

Players

ShoWTimE

  • Race: Protoss Protoss
  • Spawn Location: 11:00

SpeCial - Winner!

  • Race: Terran Terran
  • Spawn Location: 5:00

Event: IEM Season 12 - Katowice

VOD

Have the link to the VOD?

Description

Time

  • Played on: March 1, 2018, 9:28 a.m.
  • Length: 12:56

All games in this series

Show
View Real Time Build Order
Export as new Build Order

ShoWTimE Protoss 

Build Orders: 1 Gate Expand, Oracle Opening 

Get SALT Encoding   

  12  0:00  Probe  
  13  0:12  Probe  
  14  0:19  Pylon  
  14  0:24  Probe  
  15  0:37  Probe (Chrono Boost)  
  15  0:38  Gateway  
  16  0:48  Probe (Chrono Boost), Assimilator  
  17  0:53  Probe (Chrono Boost)  
  18  1:03  Probe  
  19  1:15  Probe  
  20  1:25  Nexus  
  20  1:35  Cybernetics Core  
  20  1:38  Probe  
  21  1:44  Assimilator  
  21  1:50  Probe  
  21  1:53  Pylon  
  22  2:02  Probe  
  23  2:09  Adept (Chrono Boost)  
  23  2:14  Probe  
  26  2:18  Stargate  
  26  2:26  Probe, Warp Gate  
  27  2:35  Adept (Chrono Boost)  
  27  2:42  Probe (Chrono Boost)  
  27  2:45  Probe (Chrono Boost)  
  28  2:55  Adept (Chrono Boost)  
  28  2:56  Probe (Chrono Boost)  
  28  2:57  Probe (Chrono Boost)  
  32  3:03  Oracle (Chrono Boost)  
  32  3:04  Probe  
  36  3:08  Probe  
  37  3:16  Probe  
  38  3:20  Probe, Pylon  
  39  3:28  Probe  
  39  3:33  Probe  
  39  3:38  Oracle  
  39  3:40  Probe  
  43  3:45  Probe  
  44  3:52  Probe  
  45  3:57  Probe  
  46  4:05  Probe  
  46  4:08  Gateway  
  46  4:09  Probe, Gateway  
  45  4:17  Probe (Chrono Boost)  
  45  4:19  Nexus  
  45  4:20  Pylon  
  45  4:21  Probe (Chrono Boost)  
  46  4:25  Phoenix  
  46  4:29  Probe (Chrono Boost)  
  49  4:33  Probe (Chrono Boost)  
  49  4:37  Probe (Chrono Boost)  
  49  4:38  Assimilator  
  51  4:39  Probe (Chrono Boost)  
  51  4:41  Assimilator  
  51  4:43  Probe  
  51  4:45  Pylon  
  53  4:47  Probe  
  53  4:49  Forge  
  54  4:56  Twilight Council  
  54  4:57  Probe  
  54  4:59  Probe  
  56  5:07  Stalker  
  56  5:09  Probe  
  56  5:11  Probe  
  56  5:13  Stalker x2  
  64  5:21  Probe, Shield Battery  
  65  5:24  Probe  
  63  5:33  Probe  
  63  5:34  Stalker x2  
  63  5:35  Probe  
  69  5:37  Probe  
  69  5:42  Stalker  
  72  5:45  Probe  
  72  5:47  Probe  
  72  5:49  Probe  
  73  5:50  Blink (Chrono Boost)  
  73  5:53  Protoss Ground Weapons Level 1 (Chrono Boost)  
  70  5:57  Probe  
  70  5:59  Probe  
  70  6:01  Probe  
  65  6:09  Probe  
  66  6:11  Probe  
  66  6:18  Probe  
  68  6:23  Sentry x2  
  72  6:28  Probe x2  
  72  6:32  Probe  
  75  6:36  Gateway  
  75  6:37  Gateway  
  75  6:40  Probe  
  75  6:41  Gateway  
  76  6:50  Gateway  
  76  6:53  Probe x2  
  78  6:54  Probe  
  78  6:55  Gateway  
  78  7:00  Stalker x2  
  83  7:07  Pylon  
  83  7:10  Stalker  
  83  7:11  Pylon  
  85  7:15  Pylon  
  85  7:22  Pylon x2  
  85  7:25  Probe x3  
  88  7:30  Sentry  
  88  7:31  Pylon  
  88  7:33  Charge  
  88  7:34  Robotics Facility  
  88  7:35  Stalker x2  
  88  7:36  Stalker x2  
  98  7:37  Protoss Ground Armor Level 1 (Chrono Boost)  
  98  7:42  Dark Shrine  
  98  7:55  Probe  
  98  7:56  Probe x2, Shield Battery  
  98  7:57  Stalker x2  
  105  7:58  Shield Battery  
  105  8:05  Stalker x3  
  104  8:17  Stalker x3  
  110  8:23  Stalker  
  110  8:24  Stalker  
  109  8:33  Probe x2  
  100  8:36  Pylon  
  100  8:40  Observer (Chrono Boost)  
  101  8:41  Zealot x5  
  101  8:45  Probe, Pylon  
  101  8:46  Probe  
  101  8:48  Assimilator  
  113  8:58  Pylon  
  113  9:04  Assimilator  
  113  9:05  Stalker x2  
  117  9:14  Pylon  
  117  9:17  Stalker x3  
  123  9:26  Dark Templar x2  
  124  9:37  Pylon  
  124  9:42  Dark Templar  
  126  9:46  Nexus  
  126  9:49  Pylon  
  124  9:57  Zealot x5, Immortal (Chrono Boost)  
  138  10:08  Zealot x2  
  140  10:24  Forge  
  140  10:26  Zealot  
  140  10:27  Zealot x5  
  152  10:28  Immortal (Chrono Boost)  
  156  10:42  Zealot x2  
  160  10:47  Templar Archives  
  160  10:48  Pylon  
  158  10:51  Photon Cannon  
  158  10:59  Pylon, Immortal (Chrono Boost)  
  158  11:01  Pylon  
  161  11:04  Pylon  
  161  11:10  Stalker x4  
  167  11:15  Probe x3  
  167  11:16  Probe  
  169  11:26  Dark Templar x2  
  169  11:27  Dark Templar  
  175  11:34  Pylon  
  175  11:36  Pylon  
  169  11:45  Stalker  
  159  11:48  Probe x3  
  159  11:50  Pylon  
  159  11:54  Pylon  
  159  11:57  Pylon  
  155  12:03  Probe x2  
  155  12:04  Probe x2  
  157  12:15  Probe x2  
  155  12:16  Probe x2, Dark Templar x4  
  155  12:17  Zealot  
  159  12:24  Archon x2  
  155  12:35  Dark Templar  
  155  12:36  Zealot, Dark Templar  
  111  12:46  Zealot  
  101  12:51  Zealot x3  
  101  12:52  Zealot  
Show
View Real Time Build Order
Export as new Build Order

SpeCial Terran - Winner!

Build Orders: Reaper Expand, MMM Bio 

Get SALT Encoding   

  12  0:00  SCV  
  13  0:12  SCV  
  14  0:17  Supply Depot  
  14  0:25  SCV  
  15  0:38  SCV  
  15  0:39  Barracks  
  16  0:43  Refinery  
  16  0:50  SCV  
  17  1:03  SCV  
  18  1:15  SCV  
  19  1:28  Reaper, Orbital Command  
  20  1:41  Command Center  
  20  1:50  Supply Depot  
  20  1:53  SCV  
  21  1:59  Marine  
  22  2:05  SCV  
  22  2:08  Factory  
  23  2:13  Refinery  
  23  2:17  SCV  
  23  2:20  Barracks Reactor  
  24  2:29  SCV  
  25  2:42  SCV  
  25  2:48  Barracks  
  25  2:52  Widow Mine  
  25  2:53  Orbital Command  
  25  2:54  SCV  
  25  2:57  Marine x2  
  30  3:00  Starport  
  30  3:06  SCV  
  31  3:15  Marine x2  
  31  3:16  Widow Mine  
  31  3:18  SCV  
  36  3:20  SCV  
  37  3:30  SCV  
  38  3:37  Viking  
  38  3:39  Barracks Tech Lab  
  40  3:41  Marine x2  
  40  3:43  SCV  
  40  3:44  SCV  
  40  3:47  Supply Depot  
  44  3:59  Marine  
  44  4:01  Marine x2  
  45  4:04  SCV x2  
  45  4:08  Widow Mine, Stimpack  
  47  4:13  Medivac  
  47  4:16  SCV x2  
  51  4:19  Supply Depot  
  51  4:22  Marine  
  51  4:24  Marine  
  53  4:26  Marine, Liberator  
  54  4:31  Supply Depot  
  54  4:35  Factory Reactor  
  54  4:41  SCV x2  
  59  4:48  Supply Depot  
  59  4:53  SCV x2  
  59  4:57  Marine x3  
  64  5:03  Engineering Bay  
  64  5:05  SCV x2  
  66  5:14  Marine  
  66  5:15  Marine  
  66  5:17  SCV x2  
  70  5:23  Factory Reactor  
  70  5:28  Barracks  
  70  5:29  SCV, Marine, Command Center  
  70  5:32  Marine x2  
  73  5:40  Barracks, Medivac x2  
  73  5:41  Barracks  
  73  5:42  SCV x2  
  71  5:54  SCV  
  71  5:55  Marine x2  
  71  5:56  Marauder  
  71  5:59  SCV  
  67  6:04  Terran Infantry Weapons Level 1  
  67  6:05  Refinery  
  67  6:06  SCV, Refinery  
  67  6:10  Medivac  
  67  6:11  SCV  
  67  6:13  Marine x2  
  67  6:17  Marauder  
  67  6:18  Supply Depot  
  68  6:21  SCV  
  68  6:23  SCV  
  68  6:24  Marine x2  
  72  6:30  Barracks Tech Lab x2  
  72  6:33  SCV  
  72  6:34  Liberator  
  72  6:36  Marine x2  
  72  6:37  Combat Shields  
  72  6:38  Marauder  
  77  6:41  Marine x2  
  77  6:42  Orbital Command  
  78  6:51  SCV x2, Liberator  
  78  6:54  Marine x2, Marauder x2  
  83  6:59  Marine x2  
  89  7:03  SCV x2  
  89  7:08  Supply Depot x2  
  91  7:09  Supply Depot  
  91  7:10  SCV  
  91  7:11  Marine x2  
  91  7:15  SCV x2  
  99  7:18  Marine  
  99  7:19  Marine, Factory Reactor  
  99  7:22  SCV  
  101  7:29  SCV x2, Marauder x3  
  109  7:31  Supply Depot  
  109  7:32  Supply Depot, Liberator  
  109  7:34  SCV  
  110  7:38  Liberator  
  110  7:40  Supply Depot, Marine x4  
  110  7:41  SCV x2  
  110  7:42  Concussive Shells  
  116  7:48  Supply Depot  
  116  7:51  Marauder  
  126  7:58  Widow Mine  
  126  8:01  Widow Mine  
  126  8:03  SCV x3  
  130  8:08  Refinery x2  
  123  8:13  Marine x2, Marauder  
  123  8:15  Marine  
  123  8:16  Marauder  
  123  8:19  Marine, Marauder  
  128  8:20  Armory  
  128  8:21  Engineering Bay  
  128  8:23  SCV x2  
  127  8:31  Marine x2  
  127  8:32  Medivac  
  127  8:33  Marine  
  108  8:35  Marauder  
  108  8:36  Marine  
  108  8:37  Marine  
  108  8:38  Medivac  
  107  8:46  SCV x3, Starport  
  110  8:48  Marine  
  110  8:49  Marine  
  110  8:51  Marine  
  110  8:54  Marine  
  110  8:55  Marauder x2  
  115  9:06  Marine x2  
  115  9:08  Marine  
  117  9:12  Marine, Barracks x2, Medivac x2, Marauder  
  117  9:13  Barracks  
  117  9:16  Marine x2  
  126  9:18  SCV  
  127  9:24  Marine  
  127  9:25  Sensor Tower  
  127  9:27  Medivac x2  
  127  9:29  Command Center  
  132  9:32  Missile Turret  
  132  9:33  Marauder  
  132  9:34  Missile Turret, Terran Infantry Weapons Level 2, Marauder  
  134  9:41  Terran Infantry Armor Level 1  
  134  9:43  Marine x3, Marauder  
  134  9:44  Marine  
  136  9:47  SCV  
  136  9:48  SCV  
  136  9:54  Marauder  
  136  9:55  Marine  
  136  9:56  Liberator x3  
  136  9:57  SCV  
  136  9:59  SCV  
  135  10:00  SCV  
  135  10:06  Marine, Marauder  
  135  10:09  SCV  
  135  10:11  SCV  
  135  10:12  SCV  
  143  10:21  SCV, Marine  
  136  10:22  Marauder  
  136  10:23  SCV  
  136  10:24  SCV  
  136  10:27  Marine  
  136  10:28  Marine x2, Marauder  
  146  10:29  Barracks Reactor, Barracks Tech Lab, Marauder  
  146  10:30  Barracks Reactor  
  146  10:32  Ghost Academy  
  145  10:37  SCV  
  145  10:38  SCV  
  145  10:41  SCV  
  146  10:45  Marine  
  146  10:46  Marine x2, Marauder  
  146  10:47  Liberator x2  
  146  10:49  Liberator  
  152  10:50  SCV  
  152  10:51  Marine x2, Marauder  
  152  10:53  Marine  
  159  11:12  SCV  
  159  11:17  Liberator  
  160  11:19  Marine x3, Marauder  
  164  11:29  Marine x2, Marauder  
  166  11:34  Widow Mine  
  166  11:38  Marauder  
  172  11:44  Missile Turret, Liberator  
  172  11:47  Liberator  
  172  11:51  Marine  
  172  11:53  Marine  
  172  11:54  Marauder  
  172  12:01  Marine  
  172  12:07  Marine, Planetary Fortress  
  172  12:13  Marine  
  172  12:14  Marauder  
  171  12:28  Marauder  
  172  12:30  Marine, Marauder  
  172  12:36  Marine  
  171  12:38  Marine x2  

Tags
 
Add a new tag
Caveats
  • Supply blocks, unpowered buildings, or Contaminate may cause inaccurate times.
  • Supply counts are checked every 10 seconds.